Map: Persephone LE

Players

ManlyManMeat - Winner!

  • Race: Zerg Zerg
  • League: Diamond
  • Spawn Location: 11:00

VOD

Have the link to the VOD?

Description

Time

  • Played on: July 5, 2025, 5:25 p.m.
  • Length: 20:25
Show
View Real Time Build Order
Export as new Build Order

ManlyManMeat Zerg - Winner!

Build Orders:  

Get SALT Encoding   

  12  0:00  Drone  
  13  0:11  Drone  
  14  0:22  Extractor  
  14  0:23  Drone  
  15  0:31  Overlord  
  15  0:57  Drone  
  16  1:06  Hatchery  
  15  1:10  Drone  
  15  1:18  Drone  
  17  1:20  Drone  
  18  1:40  Extractor  
  18  1:43  Spawning Pool  
  18  1:47  Drone  
  17  1:51  Drone  
  18  2:06  Drone  
  19  2:15  Drone  
  20  2:33  Overlord  
  20  2:50  Queen x2  
  24  3:01  Roach Warren  
  24  3:04  Drone  
  24  3:06  Drone  
  25  3:11  Drone  
  25  3:15  Drone  
  27  3:29  Drone x2  
  29  3:46  Overlord  
  29  3:49  Drone x3  
  32  3:56  Evolution Chamber  
  31  4:17  Roach  
  31  4:19  Roach  
  35  4:25  Hatchery  
  34  4:30  Drone x3  
  34  4:35  Zerg Missile Weapons Level 1  
  37  4:41  Extractor  
  37  4:44  Roach  
  38  4:55  Drone  
  38  4:56  Drone x3  
  42  5:03  Overlord  
  42  5:14  Overlord  
  42  5:20  Roach  
  44  5:31  Drone x3  
  44  5:33  Drone x4  
  44  5:39  Extractor  
  50  5:47  Evolution Chamber  
  49  5:58  Roach  
  49  5:59  Roach  
  53  6:06  Roach x2  
  53  6:07  Lair  
  53  6:08  Roach  
  59  6:22  Zerg Ground Armor Level 1  
  59  6:38  Extractor  
  59  6:40  Drone  
  59  6:41  Drone x2  
  59  6:43  Drone x2  
  59  6:44  Drone  
  59  6:47  Drone  
  66  7:00  Overlord  
  66  7:01  Overlord  
  66  7:02  Overlord  
  66  7:08  Glial Reconstitution  
  66  7:25  Overlord  
  66  7:27  Overlord  
  66  7:35  Zerg Missile Weapons Level 2  
  66  7:36  Roach x3  
  73  7:46  Drone  
  73  7:48  Drone  
  75  7:50  Drone  
  75  7:51  Drone x6  
  82  8:00  Infestation Pit  
  81  8:11  Overseer  
  81  8:19  Queen  
  83  8:21  Queen  
  85  8:30  Roach x5  
  95  8:55  Drone  
  95  8:56  Drone x3  
  95  8:57  Overlord x2  
  99  9:25  Zerg Ground Armor Level 2  
  99  9:31  Hive  
  102  9:41  Extractor  
  102  9:44  Extractor  
  100  9:55  Drone  
  100  9:56  Drone x2  
  100  9:57  Drone x2  
  100  9:58  Drone  
  106  10:00  Overlord x2, Hatchery  
  106  10:01  Overlord  
  105  10:18  Hatchery  
  104  10:22  Roach x5  
  112  11:02  Roach x2  
  112  11:03  Roach x11  
  112  11:08  Zerg Missile Weapons Level 3  
  138  11:16  Overlord x5  
  138  11:30  Overlord x2  
  138  11:31  Overlord x2  
  138  11:45  Overseer  
  138  11:47  Overlord x3  
  138  11:48  Overlord, Roach  
  138  11:49  Roach x3  
  146  12:07  Roach x6  
  158  12:31  Roach x9  
  170  13:00  Roach x4  
  170  13:01  Roach x3  
  170  13:17  Zerg Ground Armor Level 3  
  158  13:21  Roach x7  
  158  13:22  Roach  
  158  13:29  Drone x4  
  161  13:39  Roach x3  
  159  14:08  Roach x11  
  181  14:15  Drone  
  181  14:16  Drone x4  
  186  14:41  Overseer  
  186  14:42  Roach  
  186  14:43  Roach x6  
  192  15:54  Roach x8  
  192  15:56  Roach  
  192  15:57  Roach x3  
  196  16:15  Roach  
  196  16:16  Roach  
  194  17:04  Roach x4  
  194  18:42  Spine Crawler  
  194  18:46  Spore Crawler  
Tags
 
League
Diamond
Matchup
Co-op
Replay Pack
Myownreplay2
Add a new tag
Caveats
  • Supply blocks, unpowered buildings, or Contaminate may cause inaccurate times.
  • Supply counts are checked every 10 seconds.